 Dungeon Crawl Stone Soup version 0.29.1-2-gbd0b4ee654 (webtiles) character file.

Game seed: 8173203047179304198

427 GorkyZ the Magician (level 6, -2/28 HPs)
             Began as a Spriggan Venom Mage on Nov 14, 2022.
             Succumbed to a kobold brigand's curare-tipped dart
             ... on level 5 of the Dungeon.
             The game lasted 00:49:41 (6281 turns).

GorkyZ the Magician (Spriggan Venom Mage)           Turns: 6281, Time: 00:49:42

Health: -2/28      AC:  6    Str:  4    XL:     6   Next: 65%
Magic:  13/14      EV: 19    Int: 18    God:
Gold:   276        SH:  0    Dex: 16    Spells: 10/14 levels left

rFire   + . .      SeeInvis +   (weapon restricted)
rCold   x . .      Faith    .   (no shield)
rNeg    . . .      Spirit   .   w - +2 robe {Will+}
rPois   .          Reflect  .   (helmet restricted)
rElec   .          Harm     .   v - +1 cloak {Stlth+}
rCorr   .          Rampage  .   (gloves unavailable)
Will    ++...                   (boots unavailable)
Stlth   +++.......              (no amulet)
HPRegen 0.09/turn               r - ring of wizardry
MPRegen 0.14/turn               g - ring of fire

@: lethally poisoned (-2 -> -21), slowed, quick
A: very small, no large weapons, unfitting armour, see invisible, speed 3
a: no special abilities


You were on level 5 of the Dungeon.
You visited 1 branch of the dungeon, and saw 5 of its levels.

You collected 276 gold pieces.

Inventory:

Hand Weapons
 u - a +4 quarterstaff of chaos
Armour
 a - a +0 robe
 v - a +1 cloak of stealth (worn)
 w - a +2 robe of willpower (worn)
Jewellery
 g - a ring of fire (right hand)
 j - a ring of fire
 r - a ring of wizardry (left hand)
 x - a ring of positive energy
Scrolls
 c - 2 scrolls of teleportation {unknown}
 f - 6 scrolls of identify {unknown}
 h - 4 scrolls of amnesia {unknown}
 n - a scroll of vulnerability {unknown}
 o - a scroll of enchant weapon {unknown}
 p - a scroll of noise {unknown}
 s - 2 scrolls of butterflies {unknown}
 t - 3 scrolls of enchant armour {unknown}
 y - a scroll of acquirement {unknown}
Potions
 b - 2 potions of magic
 d - 4 potions of mutation {unknown}
 e - 2 potions of brilliance {unknown}
 i - 4 potions of flight {unknown}
 k - a potion of resistance {unknown}
 l - a potion of haste {unknown}
 m - 3 potions of curing
 q - a potion of attraction {unknown}


   Skills:
 * Level 4.6 Dodging
 - Level 3.0 Stealth
 + Level 4.7 Spellcasting
 * Level 1.2 Conjurations
 + Level 3.9 Transmutations
 * Level 1.6 Air Magic
 + Level 4.4 Poison Magic


You had 10 spell levels left.
You knew the following spells:

 Your Spells              Type           Power      Damage    Failure   Level
a - Sting                 Tmut/Pois      76%        1d6       1%          1
b - Mephitic Cloud        Conj/Pois/Air  13%        N/A       6%          3

Your spell library contained the following spells:

 Spells                   Type           Power      Damage    Failure   Level
 Poisonous Vapours        Pois/Air       30%        N/A       2%          2
 Summon Small Mammal      Summ           16%        N/A       6%          1
 Blink                    Tloc           8%         N/A       9%          2
 Olgreb's Toxic Radiance  Pois           20%        N/A       9%          4
 Call Canine Familiar     Summ           4%         N/A       16%         3
 Gell's Gravitas          Tloc           4%         N/A       16%         3
 Lesser Beckoning         Tloc           4%         N/A       16%         3
 Summon Guardian Golem    Hex/Summ       4%         N/A       16%         3
 Teleport Other           Tloc           4%         N/A       16%         3
 Iskenderun's Battlesphe  Conj           8%         2d6       63%         5
 Summon Forest            Summ/Tloc      2%         N/A       80%         5
 Iron Shot                Conj/Erth      3%         9d2       99%         6
 Spellforged Servitor     Conj/Summ      3%         N/A       100%        7


Dungeon Overview and Level Annotations

Branches:
Dungeon (5/15)
 Temple: D:4-7

Altars:
Okawaru

Shops:
D:3 *


Innate Abilities, Weirdness & Mutations

You are very small and have problems with some larger weapons.
You are too small for most types of armour.
You have supernaturally acute eyesight. (SInv)
You cover ground extremely quickly. (Speed+++)


Message History

Magic restored.
There is a stone staircase leading down here.
You climb downwards.
The iguana barely misses you. The ogre closely misses you.
There is a stone staircase leading up here.
You see here a worm corpse.
A kobold comes into view.
It is wielding a +0 short sword and quivering poisoned darts.
You see here a +0 chain mail.
A kobold comes into view. It is wielding a +0 dagger.
A kobold comes into view. It is wielding a +0 club.
Aiming: Sting (safe; 1% risk of failure)
Press: ? - help, Q - select action Shift-Dir - straight line, f - kobold brigand
Aim: a kobold brigand, wielding a +0 short sword and quivering curare-tipped darts (67% to hit)
The sting hits the kobold brigand.
The kobold brigand is poisoned.
The kobold brigand is lightly wounded.
The kobold shouts!
Aiming: Sting (safe; 1% risk of failure)
Press: ? - help, Q - select action Shift-Dir - straight line, f/p - kobold brigand
Aim: a kobold brigand, wielding a +0 short sword and quivering curare-tipped darts (lightly wounded, poisoned, 67% to hit)
The sting hits the kobold brigand.
The kobold brigand looks even sicker.
The kobold brigand is moderately wounded.
The kobold brigand throws a curare-tipped dart.
The curare-tipped dart hits you.
You are poisoned.
You have difficulty breathing.
You feel yourself slow down. The kobold closely misses you.
You feel very sick.
You feel sick.
Found 10 gold pieces.
You feel very sick.
You feel sick.
You feel sick.
The kobold brigand throws a curare-tipped dart.
The curare-tipped dart hits you.
You are lethally poisoned!
You have difficulty breathing.
* * * LOW HITPOINT WARNING * * *
You feel as though you will be slow longer.
* * * LOW HITPOINT WARNING * * *
You feel very sick.
You die...

#................##....#.##
..
#................#.....#[#
#[
........#................#
..##.......#...........#.#
......#..##.....).....####
......#..####.....K..K.#
....##...#..#.##.K#...##
...............K.##K.##
............).@.O.lK.#
#....................#
#..................###
....................#
......K..............#
...............#..#.##
..............##..###
##..K.............#
##.$...........$##


You could see a kobold brigand (poisoned), an ogre, an iguana and 4 kobolds.

Vanquished Creatures
  Duvessa (D:4)
  Dowan (D:4)
  A hound (D:4)
  Crazy Yiuf (D:4)
  An orc priest (D:3)
  An orc wizard (D:3)
  5 adders
  A shadow imp (D:5)
  A worm (D:5)
  4 dart slugs
  9 orcs
  5 endoplasms
  A giant cockroach (D:2)
  5 hobgoblins
  4 jackals (D:2)
  5 quokkas
  6 ball pythons
  7 bats
  4 frilled lizards
  13 goblins
  13 kobolds
  4 rats
93 creatures vanquished.

Vanquished Creatures (others)
  4 plants (D:1)
4 creatures vanquished.

Grand Total: 97 creatures vanquished

Notes
Turn   | Place    | Note
-------+----------+-------------------------------------------
     0 | D:1      | GorkyZ the Spriggan Venom Mage began the quest for the Orb.
     0 | D:1      | Reached XP level 1. HP: 9/9 MP: 5/5
    92 | D:1      | Found a faded altar of an unknown god.
   240 | D:1      | Reached XP level 2. HP: 13/13 MP: 5/7
  1190 | D:1      | Reached XP level 3. HP: 16/16 MP: 6/8
  1756 | D:2      | Found an iron altar of Okawaru.
  2422 | D:2      | Reached XP level 4. HP: 17/21 MP: 3/10
  2530 | D:2      | Learned a level 3 spell: Mephitic Cloud
  2728 | D:3      | Found Qawim's General Store.
  3006 | D:3      | Got Sif Muna's Codex of the Flock and the Voyage
  3246 | D:3      | Reached XP level 5. HP: 15/24 MP: 8/11
  4274 | D:4      | Found a runed translucent door.
  4275 | D:4      | Noticed Crazy Yiuf
  4313 | D:4      | Killed Crazy Yiuf
  4314 | D:4      | Reached skill level 1 in Air Magic
  4495 | D:4      | Noticed Dowan
  4496 | D:4      | Noticed Duvessa
  4545 | D:4      | Killed Duvessa
  4546 | D:4      | Reached skill level 1 in Conjurations
  4546 | D:4      | Reached XP level 6. HP: 28/28 MP: 8/13
  4576 | D:4      | Killed Dowan
  6063 | D:5      | Entered Level 5 of the Dungeon
  6280 | D:5      | HP: 1/28 [poisoned by a kobold brigand (curare-tipped
                  | dart)]
  6281 | D:5      | Succumbed to a kobold brigand's curare-tipped dart

Illustrated notes

Levels and vault maps discovered:
D:1:      psy_arrival_fountain, layout_basic, serial_forest,
          infiniplex_forest_fountain, infiniplex_forest_lined_corner,
          infiniplex_forest_clump_double, infiniplex_forest_clump_double,
          infiniplex_forest_pool, infiniplex_forest_lined_2,
          infiniplex_forest_clump_curved, infiniplex_forest_clump_curved,
          infiniplex_forest_clump_double, ebering_ecumenical_altar_webs,
          minmay_tromino_v7
D:2:      layout_basic, basic_altar, minivault_25
D:3:      minmay_diamond_boxcup, layout_loops_ring, serial_shops, shop_fountains
D:4:      layout_loops_corners, minivault_4, uniq_crazy_yiuf_cottage,
          uniq_duvessa
D:5:      layout_cave_pools, minmay_temple_entry_mist,
          nicolae_kite_square_tiling_tiny, minmay_puff

Skill      XL: |  1  2  3  4  5 |
---------------+----------------+-----
Spellcasting   | 3 4 |  4.7
Dodging        | 3 4 |  4.6
Transmutations | 2 3 |  3.9
Air Magic      | 1 |  1.6
Poison Magic   | 4 |  4.4
Conjurations   | 1 |  1.2
Stealth        | |  3.0

Action                   |  1- 3 |  4- 6 || total
-------------------------+-------+-------++-------
Melee: Unarmed           |    14 |       ||    14
 Cast: Sting             |    94 |   124 ||   218
       Mephitic Cloud    |       |     3 ||     3
Armor: Robe              |     9 |     6 ||    15
Dodge: Dodged            |    47 |    46 ||    93
